[Event "44th Chess Olympiad Women 2022"]
[Site "Chennai"]
[Date "2022.08.09"]
[Round "11.62"]
[White "Ahmed, Najla"]
[Black "Saraci, Rinesa"]
[Result "0-1"]
[ECO "A45"]
[WhiteElo "1176"]
[BlackElo "1494"]
[Annotator "NA RC COMBH"]
[PlyCount "100"]
[EventDate "2022.07.29"]
[EventType "team-tourn"]
[EventCountry "IND"]
[SourceTitle "playchess.com"]
[Source "ChessBase"]
[SourceQuality "1"]
[WhiteTeam "Brunei"]
[BlackTeam "Kosovo"]
[WhiteTeamCountry "BRN"]
[BlackTeamCountry "KOS"]
[TimeControl "40/5400+30:1800+30"]

1. d4 Nf6 2. Bg5 d6 3. Bxf6 exf6 4. e3 Be7 5. Bd3 g6 6. Ne2 O-O 7. O-O Nc6 8. c3 Re8 9. Nf4 Bf8 10. Nd5 Bg7 11. Nd2 Ne7 12. Nf4 c6 13. Qf3 Bf5 14. Bc4 d5 15. Bb3 Qd7 16. h3 Nc8 17. c4 dxc4 18. Nxc4 Nd6 19. Rad1 Be4 20. Qe2 Nxc4 21. Qxc4 g5 22. Ne2 Bd5 23. Qc3 Be6 24. e4 Bxb3 25. Qxb3 Rxe4 26. Qd3 Rae8 27. Rfe1 f5 28. Kf1 Qd6 29. Ng3 Rxe1+ 30. Rxe1 Rxe1+ 31. Kxe1 Qxd4 32. Qxf5 Qe5+ 33. Qxe5 Bxe5 34. b3 Bxg3 35. fxg3 a5 36. Kd2 Kf8 37. Kc3 Ke7 38. a4 b5 39. Kd3 Kd6 40. Kd4 bxa4 41. bxa4 h6 42. Kc4 h5 43. Kd4 c5+ 44. Kc4 Kc6 45. h4 g4 46. Kd3 Kd5 47. Kc3 c4 48. Kd2 Kd4 49. Kc2 c3 50. Kd1 Ke5 0-1

[Event "44th Chess Olympiad Women 2022"]
[Site "Chennai"]
[Date "2022.08.09"]
[Round "11.63"]
[White "Mpinganjira, Ellen"]
[Black "Abigail Karyah"]
[Result "0-1"]
[ECO "C41"]
[WhiteElo "1334"]
[BlackElo "1455"]
[Annotator "NA RC COMBH"]
[PlyCount "94"]
[EventDate "2022.07.29"]
[EventType "team-tourn"]
[EventCountry "IND"]
[SourceTitle "playchess.com"]
[Source "ChessBase"]
[SourceQuality "1"]
[WhiteTeam "MAW"]
[BlackTeam "Liberia"]
[BlackTeamCountry "LBR"]
[TimeControl "40/5400+30:1800+30"]

1. e4 e5 2. Nf3 d6 3. Bc4 h6 4. h3 Nf6 5. d3 Be7 6. O-O O-O 7. Be3 Nc6 8. c3 b6 9. Nbd2 Bb7 10. Re1 Qd7 11. Nf1 Rad8 12. Qd2 d5 13. exd5 Nxd5 14. Rad1 Bf6 15. Ng3 Nxe3 16. Qxe3 Rfe8 17. Ne4 Be7 18. b4 Bd6 19. Nh2 Kh8 20. Ng3 f6 21. Nh5 Bf8 22. Nf3 a5 23. b5 Na7 24. a4 Bd5 25. Bxd5 Qxd5 26. c4 Qf7 27. Ng3 Bc5 28. Qc1 c6 29. Ne4 Bb4 30. Rf1 cxb5 31. cxb5 Qb3 32. Qc7 Nc8 33. Nh4 Qxa4 34. Nf5 Bf8 35. Nc3 Qf4 36. g4 Qf3 37. Nh4 Qxh3 38. Ng6+ Kh7 39. Nxf8+ Rxf8 40. f3 Qg3+ 41. Kh1 Qf4 42. Ne4 Kh8 43. Qc4 f5 44. gxf5 Rxf5 45. Kg2 Rh5 46. Rh1 Rf8 47. Rxh5 Qxf3+ 0-1

[Event "44th Chess Olympiad Women 2022"]
[Site "Chennai"]
[Date "2022.08.09"]
[Round "11.64"]
[White "Ollet, Myra"]
[Black "Yavo Tchetche, Marie"]
[Result "1-0"]
[ECO "A48"]
[WhiteElo "1480"]
[BlackElo "1313"]
[Annotator "NA RC COMBH"]
[PlyCount "105"]
[EventDate "2022.07.29"]
[EventType "team-tourn"]
[EventCountry "IND"]
[SourceTitle "playchess.com"]
[Source "ChessBase"]
[SourceQuality "1"]
[WhiteTeam "GUM"]
[BlackTeam "CIV"]
[TimeControl "40/5400+30:1800+30"]

1. d4 Nf6 2. Nf3 g6 3. Bf4 Bg7 4. e3 O-O 5. c3 d6 6. Nbd2 Nbd7 7. Bg3 c5 8. Qb3 a6 9. d5 b5 10. c4 b4 11. Bd3 a5 12. O-O Nh5 13. Rab1 Nxg3 14. fxg3 Ne5 15. Be2 e6 16. Nxe5 Bxe5 17. Nf3 Bg7 18. e4 exd5 19. cxd5 Qb6 20. Kh1 Re8 21. Qc2 Ba6 22. Bxa6 Qxa6 23. Ng5 Re7 24. b3 h6 25. Nh3 Rae8 26. Nf2 Qb6 27. Rbe1 Bc3 28. Re2 Qb5 29. h4 h5 30. Kh2 c4 31. g4 cxb3 32. axb3 Rc7 33. Qd1 Be5+ 34. g3 Rc3 35. Rg1 hxg4 36. Nxg4 Qd3 37. Nxe5 Rxe5 38. Qxd3 Rxd3 39. Rb1 Rdxd5 40. Rc1 Rd3 41. Rf2 Rxe4 42. Rc8+ Kg7 43. Rc7 Kh6 44. Rfxf7 Kh5 45. Rc4 Rxc4 46. bxc4 Kg4 47. Rf4+ Kh5 48. Kh3 b3 49. Rf7 Kh6 50. Ra7 b2 51. Rb7 Rd2 52. g4 a4 53. g5+ 1-0

[Event "44th Chess Olympiad Women 2022"]
[Site "Chennai"]
[Date "2022.08.09"]
[Round "11.65"]
[White "Roberts, Tallulah"]
[Black "Felix, Tobi"]
[Result "1/2-1/2"]
[ECO "A00"]
[WhiteElo "1536"]
[BlackElo "1460"]
[Annotator "NA RC COMBH"]
[PlyCount "60"]
[EventDate "2022.07.29"]
[EventType "team-tourn"]
[EventCountry "IND"]
[SourceTitle "playchess.com"]
[Source "ChessBase"]
[SourceQuality "1"]
[WhiteTeam "Channel Islands"]
[BlackTeam "Ghana"]
[WhiteTeamCountry "JCI"]
[BlackTeamCountry "GHA"]
[TimeControl "40/5400+30:1800+30"]

1. b4 d5 2. Bb2 Nf6 3. e3 Bf5 4. Nf3 e6 5. a3 Be7 6. c4 c6 7. Nc3 Nbd7 8. Rc1 dxc4 9. Bxc4 a6 10. O-O O-O 11. h3 b5 12. Ba2 c5 13. bxc5 Nxc5 14. Ne5 Rc8 15. d4 Nce4 16. Nxe4 Bxe4 17. f3 Bb7 18. Qd3 Qd6 19. Bb1 Rfd8 20. Ng4 g6 21. Rxc8 Rxc8 22. Ne5 b4 23. a4 Nd5 24. Qe4 f6 25. Nxg6 hxg6 26. Qxg6+ Kf8 27. h4 Nxe3 28. Qh6+ Ke8 29. Bg6+ Kd7 30. Qxe3 Qg3 1/2-1/2

[Event "44th Chess Olympiad Women 2022"]
[Site "Chennai"]
[Date "2022.08.09"]
[Round "11.66"]
[White "Sagastegui, Thamara"]
[Black "Alazmi, Aeshah"]
[Result "0-1"]
[ECO "C45"]
[WhiteElo "1362"]
[BlackElo "1256"]
[Annotator "NA RC COMBH"]
[PlyCount "114"]
[EventDate "2022.07.29"]
[EventType "team-tourn"]
[EventCountry "IND"]
[SourceTitle "playchess.com"]
[Source "ChessBase"]
[SourceQuality "1"]
[WhiteTeam "ARU"]
[BlackTeam "Kuwait"]
[BlackTeamCountry "KUW"]
[TimeControl "40/5400+30:1800+30"]

1. e4 e5 2. Nf3 Nc6 3. Nc3 Nf6 4. d4 exd4 5. Nxd4 Nxd4 6. Qxd4 d6 7. Bf4 Be7 8. h3 O-O 9. Be2 Be6 10. O-O-O a6 11. Bc4 Qd7 12. Bxe6 Qxe6 13. Kb1 Rfd8 14. Nd5 Nxd5 15. exd5 Qg6 16. f3 Bf6 17. Qd2 Re8 18. g4 Be5 19. Bxe5 dxe5 20. f4 exf4 21. Qxf4 Qd6 22. Qxd6 cxd6 23. Rhe1 g5 24. Kc1 Kg7 25. Kd2 Kg6 26. c4 b6 27. b3 a5 28. a3 h5 29. gxh5+ Kxh5 30. Rf1 Kg6 31. Rf3 f5 32. Rg1 Kf6 33. Rfg3 Rg8 34. Rf1 Rae8 35. Rgf3 Re5 36. Rg1 Rh8 37. Rfg3 Rg8 38. Rf3 Re4 39. Rgf1 f4 40. Kd3 Rge8 41. h4 Re3+ 42. Kd2 Rxf3 43. Rxf3 Kf5 44. hxg5 Kxg5 45. b4 Kg4 46. Rd3 f3 47. Re3 f2 48. Rxe8 f1=Q 49. Rg8+ Kh5 50. Rc8 Qf2+ 51. Kc1 Qe3+ 52. Kb2 a4 53. Rh8+ Kg6 54. Rg8+ Kh7 55. Rg2 Qb3+ 56. Kc1 Qxc4+ 57. Kb2 Qb3+ 0-1

[Event "44th Chess Olympiad Women 2022"]
[Site "Chennai"]
[Date "2022.08.09"]
[Round "11.66"]
[White "Nema, Rabab Ahmed"]
[Black "Jacobs, Annelaine"]
[Result "1-0"]
[ECO "E92"]
[WhiteElo "1172"]
[BlackElo "1612"]
[Annotator "NA RC COMBH"]
[PlyCount "92"]
[EventDate "2022.07.29"]
[EventType "team-tourn"]
[EventCountry "IND"]
[SourceTitle "playchess.com"]
[Source "ChessBase"]
[SourceQuality "1"]
[WhiteTeam "Kuwait"]
[BlackTeam "ARU"]
[WhiteTeamCountry "KUW"]
[TimeControl "40/5400+30:1800+30"]

1. d4 g6 2. c4 Nf6 3. Nc3 Bg7 4. e4 d6 5. Nf3 O-O 6. Be2 Nbd7 7. h3 e5 8. d5 a5 9. Bg5 Nc5 10. Nd2 Bd7 11. a4 Qe8 12. O-O h6 13. Be3 b6 14. Qc2 Nh7 15. Nb5 Na6 16. Nf3 f5 17. exf5 gxf5 18. Nh2 f4 19. Bd2 Qe7 20. Qd1 Ng5 21. Bg4 Kh8 22. Bxd7 Qxd7 23. Nc3 Rf6 24. h4 Nh7 25. Ne4 Rf7 26. h5 Rg8 27. Nf3 Qf5 28. Nh4 Qxe4 29. Ng6+ Qxg6 30. hxg6 Rf6 31. gxh7 Kxh7 32. Qc2+ Kh8 33. f3 Bf8 34. Kf2 h5 35. Rh1 Rh6 36. Rh2 h4 37. Rah1 Be7 38. Ke2 Rhg6 39. Rg1 Kg7 40. Be1 Kf8 41. Qf5+ Kg7 42. Kf1 Nc5 43. Bxh4 Rf8 44. Qc2 Bxh4 45. Rh3 Bg3 46. Rxg3 Kf6 1-0

[Event "44th Chess Olympiad Women 2022"]
[Site "Chennai"]
[Date "2022.08.09"]
[Round "11.66"]
[White "Alhasan, Zainah"]
[Black "Cabral, Sylvi"]
[Result "0-1"]
[ECO "C40"]
[WhiteElo "1095"]
[BlackElo "1100"]
[Annotator "NA RC COMBH"]
[PlyCount "122"]
[EventDate "2022.07.29"]
[EventType "team-tourn"]
[EventCountry "IND"]
[SourceTitle "playchess.com"]
[Source "ChessBase"]
[SourceQuality "1"]
[WhiteTeam "Kuwait"]
[BlackTeam "ARU"]
[WhiteTeamCountry "KUW"]
[TimeControl "40/5400+30:1800+30"]

1. e4 e5 2. Nf3 d5 3. exd5 e4 4. Qe2 Nf6 5. d3 Qxd5 6. Nc3 Bb4 7. a3 Bxc3+ 8. bxc3 O-O 9. dxe4 Nxe4 10. c4 Qa5+ 11. Bd2 Nxd2 12. Qxd2 Qxd2+ 13. Nxd2 Re8+ 14. Kd1 Bf5 15. Bd3 Be6 16. Rb1 Nc6 17. Rxb7 Re7 18. Re1 a6 19. Ne4 Rd8 20. Kc1 Bc8 21. Rb1 f5 22. Nf6+ gxf6 23. Rxe7 Nxe7 24. Rb8 Nc6 25. Rb1 Ne5 26. Rb3 Nxd3+ 27. Rxd3 Rxd3 28. cxd3 c5 29. Kd2 Kf7 30. Ke3 Ke6 31. d4 cxd4+ 32. Kxd4 Kd6 33. c5+ Kc6 34. Kc4 Be6+ 35. Kb4 h5 36. f4 Bf7 37. g3 Be6 38. Ka5 Kxc5 39. Kxa6 Bb3 40. Ka5 Bd1 41. h3 Kd5 42. Kb4 Ke4 43. Kc3 Kf3 44. Kd2 Ba4 45. Ke1 Kxg3 46. Kf1 Kxh3 47. Kf2 Bc6 48. a4 h4 49. a5 Kg4 50. a6 h3 51. Kg1 Kg3 52. a7 Ba8 53. Kf1 h2 54. Ke2 h1=Q 55. Kd2 Qe4 56. Kc1 Qe2 57. Kb1 Kf3 58. Ka1 Ke3 59. Kb1 Kd3 60. Ka1 Kc3 61. Kb1 Qe8 0-1

[Event "44th Chess Olympiad Women 2022"]
[Site "Chennai"]
[Date "2022.08.09"]
[Round "11.67"]
[White "Elfelo, Khadija"]
[Black "Callender, Jessica"]
[Result "1/2-1/2"]
[ECO "B06"]
[WhiteElo "1875"]
[BlackElo "1295"]
[Annotator "NA RC COMBH"]
[PlyCount "75"]
[EventDate "2022.07.29"]
[EventType "team-tourn"]
[EventCountry "IND"]
[SourceTitle "playchess.com"]
[Source "ChessBase"]
[SourceQuality "1"]
[WhiteTeam "Libya"]
[BlackTeam "Guyana"]
[WhiteTeamCountry "LBY"]
[BlackTeamCountry "GUY"]
[TimeControl "40/5400+30:1800+30"]

1. e4 d6 2. d4 g6 3. Nc3 Bg7 4. f4 c6 5. Nf3 Nd7 6. Bd3 e5 7. dxe5 dxe5 8. f5 Ne7 9. Bg5 h6 10. Be3 O-O 11. Qd2 Kh7 12. h4 Nf6 13. Nxe5 gxf5 14. exf5 Bxf5 15. Qf2 Bxd3 16. Nxd3 Ng4 17. Qf3 Nxe3 18. Qxe3 Nd5 19. Qd2 Re8+ 20. Ne2 Ne3 21. Kf2 Qf6+ 22. Kg1 Nc4 23. Qd1 Rad8 24. Qf1 Qxf1+ 25. Kxf1 Nxb2 26. Nxb2 Bxb2 27. Rb1 Bg7 28. Rh3 b5 29. Rf3 f6 30. Nf4 Rd2 31. a4 a6 32. axb5 axb5 33. c4 Re5 34. cxb5 Rxb5 35. Rxb5 cxb5 36. Rb3 Rd4 37. g3 b4 38. Ke2 1/2-1/2

[Event "44th Chess Olympiad Women 2022"]
[Site "Chennai"]
[Date "2022.08.09"]
[Round "11.72"]
[White "Makda Araya Fessehaye"]
[Black "Inthavong, Maly"]
[Result "0-1"]
[ECO "C41"]
[WhiteElo "1242"]
[BlackElo "1231"]
[Annotator "NA RC COMBH"]
[PlyCount "96"]
[EventDate "2022.07.29"]
[EventType "team-tourn"]
[EventCountry "IND"]
[SourceTitle "playchess.com"]
[Source "ChessBase"]
[SourceQuality "1"]
[WhiteTeam "Eritrea"]
[BlackTeam "Laos"]
[WhiteTeamCountry "ERI"]
[BlackTeamCountry "LAO"]
[TimeControl "40/5400+30:1800+30"]

1. e4 e5 2. Nf3 d6 3. Nc3 c6 4. Bc4 Bg4 5. h3 Bh5 6. Be2 Be7 7. d3 Nf6 8. Be3 Nbd7 9. Nh4 Bg6 10. Nxg6 fxg6 11. d4 O-O 12. Bc4+ Kh8 13. Qe2 Nh5 14. g4 Nf4 15. Bxf4 Rxf4 16. Qe3 Bh4 17. Rf1 Qf8 18. dxe5 dxe5 19. O-O-O Nc5 20. f3 Bg5 21. Kb1 Rxg4 22. Qf2 Bh4 23. Qe2 Rg3 24. b4 Na6 25. a3 c5 26. b5 Nc7 27. Nd5 Rc8 28. f4 Nxd5 29. Bxd5 exf4 30. Rf3 b6 31. Rdf1 g5 32. e5 Re8 33. e6 Qd6 34. Qe4 Rg2 35. Qf5 Re2 36. Be4 Rxe4 37. Qxe4 h6 38. Rd3 Qb8 39. Rfd1 Bf2 40. Rd8 Rxd8 41. Rxd8+ Qxd8 42. Qb7 Qd1+ 43. Kb2 Bd4+ 44. Kb3 Qb1+ 45. Kc4 Qxc2+ 46. Kd5 Qg2+ 47. Kd6 Qxb7 48. e7 Qxe7+ 0-1

[Event "44th Chess Olympiad Women 2022"]
[Site "Chennai"]
[Date "2022.08.09"]
[Round "11.75"]
[White "da Silva, Sonizia A.Tilman"]
[Black "Johnson, Daijah"]
[Result "0-1"]
[ECO "B08"]
[WhiteElo "1507"]
[BlackElo "1480"]
[Annotator "NA RC COMBH"]
[PlyCount "115"]
[EventDate "2022.07.29"]
[EventType "team-tourn"]
[EventCountry "IND"]
[SourceTitle "playchess.com"]
[Source "ChessBase"]
[SourceQuality "1"]
[WhiteTeam "TLS"]
[BlackTeam "Bahamas"]
[BlackTeamCountry "BAH"]
[TimeControl "40/5400+30:1800+30"]

1. d4 Nf6 2. Bf4 g6 3. Nf3 Bg7 4. Nc3 d6 5. e4 Bg4 6. Bc4 Nbd7 7. h3 Bxf3 8. Qxf3 e5 9. dxe5 dxe5 10. Bg5 c6 11. O-O O-O 12. Rad1 Qc7 13. a4 Rad8 14. b4 h6 15. Bh4 g5 16. Bg3 a5 17. b5 Nb6 18. Bb3 Qe7 19. Qf5 Nfd7 20. Rd2 Nc5 21. Rxd8 Rxd8 22. Ba2 Nbxa4 23. Nxa4 Nxa4 24. bxc6 bxc6 25. Ra1 Nc3 26. Bc4 Rd1+ 27. Rxd1 Nxd1 28. Qc8+ Bf8 29. Qxc6 Qc5 30. Qxc5 Bxc5 31. Bxe5 Nxf2 32. Kh2 Nxe4 33. Bb3 Bd6 34. Bxd6 Nxd6 35. c4 Ne4 36. Bc2 Nc5 37. Kg1 Kg7 38. Kf2 Kf6 39. Ke3 Ke5 40. Bd3 Nxd3 41. Kxd3 a4 42. Kc3 a3 43. Kb3 Kd4 44. Kxa3 Kxc4 45. Kb2 Kd3 46. g4 Ke3 47. Kc3 Kf3 48. Kd4 Kg3 49. Ke5 Kxh3 50. Kf5 f6 51. Kxf6 Kxg4 52. Ke5 Kf3 53. Kf5 g4 54. Kg6 g3 55. Kxh6 g2 56. Kg6 g1=Q+ 57. Kf6 Qc5 58. Ke6 0-1

[Event "44th Chess Olympiad Women 2022"]
[Site "Chennai"]
[Date "2022.08.09"]
[Round "11.78"]
[White "Morales Santos, Natasha"]
[Black "Seine, Rose Berline"]
[Result "1-0"]
[ECO "D35"]
[WhiteElo "1924"]
[BlackElo "1679"]
[Annotator "TA"]
[PlyCount "127"]
[EventDate "2022.07.29"]
[EventType "team-tourn"]
[EventCountry "IND"]
[SourceTitle "playchess.com"]
[Source "ChessBase"]
[SourceQuality "1"]
[WhiteTeam "Puerto Rico"]
[BlackTeam "Haiti"]
[WhiteTeamCountry "PUR"]
[BlackTeamCountry "HAI"]
[TimeControl "40/5400+30:1800+30"]

1. d4 d5 2. c4 e6 3. Nc3 Nf6 4. cxd5 exd5 5. Bg5 c6 6. e3 Bf5 7. Qf3 Bg6 8. Bxf6 Qxf6 9. Qxf6 gxf6 10. Rc1 {[%emt 0:02:59] D35: Queen's Gambit Declined: Exchange Variation.} Nd7 11. Nge2 Bd6 {[%emt 0:00:12] [#]} 12. h4 $146 {[%emt 0:02:52] White has an edge.} ({Predecessor:} 12. g3 f5 13. Nf4 h5 14. h4 Nf6 15. f3 Kd7 16. Kf2 Rae8 17. Bd3 Re7 18. Rhe1 {½-½ (53) Tichy,S (2152)-Vondra,Z (2183) Czech Republic 2015}) 12... h6 13. g3 (13. Kd2 {keeps more tension.} Nb6 14. Nf4 h5 15. g3) 13... f5 14. Bh3 Nf6 15. f3 Bh7 16. Kf2 Ke7 17. Nf4 Rae8 18. a3 Kd8 19. b4 a6 20. Na4 Kc7 21. Nc5 {[%emt 0:05:54] Pair of Knights!} Re7 22. Rc3 {[%emt 0:01:40] White is more active.} Ra8 23. Rhc1 Bxc5 (23... Bxf4 $142 24. gxf4 Bg6) 24. bxc5 $16 Rb8 25. Rb1 b6 (25... Bg6 $16 26. Rcb3 Ree8) 26. Rxb6 (26. a4 $18) 26... Rxb6 27. cxb6+ Kxb6 28. Nd3 Nd7 29. Bf1 {[%emt 0:05:30] Black must now prevent Nb4.} a5 {[%emt 0:01:26] Against Nb4} 30. Be2 f6 (30... Re8 $16 31. Nf4 Nf6) 31. Bd1 Bg8 32. Ba4 Nb8 33. Nc5 Bf7 (33... Bh7 $142 34. h5 Ka7) 34. Bc2 $18 Be6 35. Rb3+ Ka7 36. Nxe6 Rxe6 37. Bxf5 {[%emt 0:00:04][%mdl 4096] Endgame KRB-KRN} Re7 38. e4 dxe4 39. fxe4 Na6 40. Ke3 Nc7 41. Kd3 Ne8 42. d5 (42. Kc4 $142) 42... cxd5 43. exd5 Re5 44. Be4 {[%emt 0:00:00] aiming for Kd4.} Nd6 45. Bg2 (45. Bf3 $142) 45... Re1 $16 46. Kd4 ({White should play} 46. g4 $16) 46... Rg1 $2 (46... Nf5+ $11 {and Black stays safe.} 47. Kc4 Ne3+ 48. Kc5 Rc1+ 49. Kd6 Nxg2) 47. Bh3 ({White must play} 47. Be4 $18) 47... Rd1+ $14 48. Kc5 Nb7+ 49. Kc6 (49. Kb5 $1 $14) 49... Rc1+ $11 50. Kb5 Rc5+ 51. Ka4 Rxd5 $2 {[%emt 0:00:00][%mdl 8192] [#]} (51... Rc4+ $11 52. Kb5 Rc5+ 53. Ka4 Rc4+ 54. Kb5 Rc5+) 52. Rxb7+ $1 {[%emt 0:00:24][%mdl 512] White mates.} Kxb7 {[%emt 0:00:00] KR-KB} (52... Ka6 53. Rd7) 53. Bg2 Kc6 54. Bxd5+ Kxd5 55. Kxa5 {[%emt 0:00:00] K3P-KPP} Kc5 56. a4 h5 57. Ka6 Kc6 58. a5 f5 59. Ka7 Kc7 60. a6 Kc8 61. Kb6 Kb8 62. a7+ Ka8 63. Kc6 ({Worse is} 63. Ka6 f4 64. gxf4 $11) 63... Kxa7 64. Kd6 {[%emt 0:00:08] Weighted Error Value: White=0.20 (precise) /Black=0.28 (precise)} 1-0

[Event "44th Chess Olympiad Women 2022"]
[Site "Chennai"]
[Date "2022.08.09"]
[Round "11.78"]
[White "Vega Jimenez, Keyshla M."]
[Black "Cadeau, Merisena"]
[Result "1-0"]
[ECO "B24"]
[WhiteElo "1653"]
[BlackElo "1439"]
[Annotator "NA RC COMBH"]
[PlyCount "95"]
[EventDate "2022.07.29"]
[EventType "team-tourn"]
[EventCountry "IND"]
[SourceTitle "playchess.com"]
[Source "ChessBase"]
[SourceQuality "1"]
[WhiteTeam "Puerto Rico"]
[BlackTeam "Haiti"]
[WhiteTeamCountry "PUR"]
[BlackTeamCountry "HAI"]
[TimeControl "40/5400+30:1800+30"]

1. e4 c5 2. Nc3 Nc6 3. g3 d6 4. Bg2 Nf6 5. d3 e6 6. f4 d5 7. e5 Nd7 8. Nf3 a6 9. Bd2 Qc7 10. a3 Be7 11. h3 b5 12. Ne2 Bb7 13. O-O O-O 14. Qe1 Rac8 15. g4 Rfd8 16. Ng3 Qb6 17. Kh1 c4 18. dxc4 dxc4 19. Ne4 Qc7 20. Bc3 a5 21. Qe2 Nc5 22. Nfg5 Nd4 23. Qf2 Nxe4 24. Nxe4 Bc5 25. Nxc5 Bxg2+ 26. Kxg2 Qxc5 27. Rad1 Qc6+ 28. Kg3 Nb3 29. cxb3 Rd3+ 30. Rxd3 cxd3 31. Qd4 Qc7 32. Qxd3 Rb8 33. Rd1 h6 34. Qd6 Qa7 35. Bd4 Qb7 36. Rc1 Ra8 37. Qc6 Qb8 38. Qd7 Qd8 39. Rc7 Qe8 40. Qxe8+ Rxe8 41. Kf3 Rb8 42. Ra7 Rd8 43. Ke4 Rb8 44. Rxa5 Kf8 45. a4 b4 46. Ra6 Ke8 47. Rb6 Rxb6 48. Bxb6 1-0

[Event "44th Chess Olympiad Women 2022"]
[Site "Chennai"]
[Date "2022.08.09"]
[Round "11.78"]
[White "Paul, Theophane"]
[Black "Rivera Negron Yanira"]
[Result "1/2-1/2"]
[ECO "A07"]
[WhiteElo "1493"]
[BlackElo "1770"]
[Annotator "NA RC COMBH"]
[PlyCount "81"]
[EventDate "2022.07.29"]
[EventType "team-tourn"]
[EventCountry "IND"]
[SourceTitle "playchess.com"]
[Source "ChessBase"]
[SourceQuality "1"]
[WhiteTeam "Haiti"]
[BlackTeam "Puerto Rico"]
[WhiteTeamCountry "HAI"]
[BlackTeamCountry "PUR"]
[TimeControl "40/5400+30:1800+30"]

1. Nf3 d5 2. g3 Nf6 3. Bg2 Bf5 4. d3 e6 5. O-O Be7 6. Nbd2 h6 7. Re1 O-O 8. c4 c6 9. Qb3 Qc7 10. cxd5 cxd5 11. Nf1 Nc6 12. Bf4 e5 13. Bd2 e4 14. Bf4 Bd6 15. Bxd6 Qxd6 16. dxe4 dxe4 17. Rad1 Qb4 18. Qxb4 Nxb4 19. Nd4 Bg6 20. a3 Nbd5 21. Bh3 Rfd8 22. Nc2 Bh5 23. Nd4 Rd6 24. f3 e3 25. Rd3 Bg6 26. Nf5 Rb6 27. b4 Re8 28. Rc1 Re5 29. N1xe3 Bxf5 30. Nxf5 Rxe2 31. f4 a5 32. Nd4 Rb2 33. Bf5 g6 34. bxa5 Rb1 35. Rdd1 Rxc1 36. Rxc1 Ra6 37. Bc8 Rxa5 38. Bxb7 Rxa3 39. Re1 Ne3 40. Bh1 Nfg4 41. h3 1/2-1/2

[Event "44th Chess Olympiad Women 2022"]
[Site "Chennai"]
[Date "2022.08.09"]
[Round "11.78"]
[White "Dunat, Kinberlie"]
[Black "Alvarado Perez, Coralys M."]
[Result "0-1"]
[ECO "D02"]
[WhiteElo "1398"]
[BlackElo "1471"]
[Annotator "NA RC COMBH"]
[PlyCount "84"]
[EventDate "2022.07.29"]
[EventType "team-tourn"]
[EventCountry "IND"]
[SourceTitle "playchess.com"]
[Source "ChessBase"]
[SourceQuality "1"]
[WhiteTeam "Haiti"]
[BlackTeam "Puerto Rico"]
[WhiteTeamCountry "HAI"]
[BlackTeamCountry "PUR"]
[TimeControl "40/5400+30:1800+30"]

1. d4 d5 2. Bf4 Nf6 3. Nf3 e6 4. e3 Be7 5. Nbd2 b6 6. c3 c5 7. dxc5 bxc5 8. Be2 O-O 9. O-O Nc6 10. Qc2 Nh5 11. Ne5 Nxf4 12. exf4 Qc7 13. Nxc6 Qxc6 14. Bd3 g6 15. Nf3 Qc7 16. g3 Bb7 17. Ne1 Rad8 18. a4 a6 19. b3 Bf6 20. Rc1 Rfe8 21. Ng2 e5 22. fxe5 Bxe5 23. Rfe1 Qc6 24. c4 Bd4 25. Rxe8+ Rxe8 26. Bf1 dxc4 27. Qxc4 Qf3 28. Rc2 h5 29. Qd3 Qf6 30. Re2 Rd8 31. Qc4 Qf3 32. Qc2 Kg7 33. Re7 Bd5 34. Qe2 Qxe2 35. Bxe2 Bxb3 36. Bxa6 Bxa4 37. Bc4 Be8 38. Nf4 Kf8 39. Rb7 Ra8 40. Kf1 Ra1+ 41. Ke2 Rc1 42. Kd2 Rxc4 0-1